 Dungeon Crawl Stone Soup version 0.26.0-45-g9c1d065592 (webtiles) character file.

Game seed: 4254865888399770544

42 Descartes the Magician (level 3, -9/20 HPs)
             Began as a Deep Elf Wanderer on Jan 31, 2021.
             Killed from afar by Natasha (13 damage)
             ... with a puff of flame
             ... on level 2 of the Dungeon.
             The game lasted 00:02:42 (1115 turns).

Descartes the Magician (Deep Elf Wanderer)          Turns: 1115, Time: 00:02:43

Health: -9/20      AC:  2    Str:  9 (12) XL:     3   Next: 35%
Magic:  9/10       EV: 12    Int: 14 (16) God:
Gold:   75         SH:  0    Dex: 11 (12) Spells: 8/9 levels left

rFire    . . .     SeeInvis .   b - +2 short sword (protect)
rCold    . . .     Faith    .   (no shield)
rNeg     . . .     Spirit   .   d - +0 robe
rPois    .         Reflect  .   (no helmet)
rElec    .         Harm     .   (no cloak)
rCorr    .         Rampage  .   (no gloves)
Will     .....                  (no boots)
Stlth    ++........             (no amulet)
HPRegen  0.06/turn              (no ring)
MPRegen  0.12/turn              (no ring)

@: no status effects
A: no striking features
a: no special abilities


You were on level 2 of the Dungeon.
You visited 1 branch of the dungeon, and saw 2 of its levels.

You collected 75 gold pieces.

Inventory:

Hand Weapons
 a - a +0 club
 b - a +2 short sword of protection (weapon)
 l - a +1 dagger of pain
Missiles
 h - 22 arrows
Armour
 d - a +0 robe (worn)
 e - a +0 buckler
Scrolls
 f - a scroll of enchant armour {unknown}
 g - 4 scrolls of identify {unknown}
 k - a scroll of enchant weapon {unknown}
Potions
 c - a potion of lignification
 j - a potion of might {unknown}
 m - a potion of flight {unknown}


   Skills:
 - Level 1.0 Fighting
 - Level 1.0 Throwing
 - Level 1.2 Dodging
 - Level 1.2 Stealth
 + Level 1.1 Shields
 - Level 1.0 Unarmed Combat
 + Level 3.6 Spellcasting
 + Level 2.0 Translocations
 + Level 2.8 Ice Magic


You had 8 spell levels left.
You knew the following spells:

 Your Spells              Type           Power        Failure   Level
a - Freeze                Ice            40%          6%          1

Your spell library contained the following spells:

 Spells                   Type           Power        Failure   Level
 Blink                    Tloc           N/A          13%         2
 Frozen Ramparts          Ice            20%          19%         3
 Gell's Gravitas          Tloc           4%           26%         3
 Lesser Beckoning         Tloc           4%           26%         3
 Teleport Other           Tloc           8%           26%         3
 Passage of Golubria      Tloc           N/A          65%         4


Dungeon Overview and Level Annotations

Branches:
Dungeon (2/15)

Altars:

Annotations:
D:2 Natasha


Message History

Ouch! That really hurt!
Found a stone staircase leading up.
You hit Natasha but do no damage.
Your weapon exudes an aura of protection.
Natasha claws you.
* * * LOW HITPOINT WARNING * * *
Casting: Freeze (safe; 5% risk of failure)
Confirm with . or Enter, or press ? or * to list all spells.
Aiming: Freeze (safe; 5% risk of failure)
Press: ? - help, Shift-Dir - straight line, f - Natasha
Aim: Natasha, carrying a wand of flame (19)
You freeze Natasha.
Natasha is moderately wounded.
Natasha misses you.
It was a potion of degeneration.
There was something very wrong with that liquid.
You feel weakened.
You feel dopey.
You feel clumsy.
Natasha zaps a wand.
The puff of flame hits you!
Ouch! That really hurt!
You die...

#.##.....##.##.#
#.##>.....#.#..#
#.##......###..#
#.##....#.....##
#.##....#####.#
#######.##....#####.#
........##..........#
........#######.########
.......@#######.........
.P......h......<.###...#
P♣♣....♣#######..# #
♣≈.... #..............
≈≈≈≈P.. #......##......
≈≈≈♣... #......# ......
♣≈≈.♣.# #......# .....
≈≈...< #......# .....
#......# ....


You could see Natasha.

Vanquished Creatures
  2 adders
  A worm (D:2)
  A dart slug (D:2)
  A giant cockroach (D:1)
  2 goblins (D:2)
  3 hobgoblins (D:1)
  4 frilled lizards
  5 kobolds
  A rat (D:1)
20 creatures vanquished.

Vanquished Creatures (others)
  3 plants (D:2)
3 creatures vanquished.

Grand Total: 23 creatures vanquished

Notes
Turn   | Place    | Note
-------+----------+-------------------------------------------
     0 | D:1      | Descartes the Deep Elf Wanderer began the quest for the
                  | Orb.
     0 | D:1      | Descartes set off with the following items: a +0 club, a
                  | potion of lignification, a +0 robe; and the following spell
                  | memorised: Freeze; and the following spells available to
                  | memorise: Blink, Frozen Ramparts, Gell's Gravitas, Lesser
                  | Beckoning, Teleport Other, Passage of Golubria
     0 | D:1      | Reached XP level 1. HP: 12/12 MP: 6/6
   651 | D:1      | Reached XP level 2. HP: 16/16 MP: 8/8
   994 | D:2      | Reached skill level 1 in Shields
   994 | D:2      | Reached XP level 3. HP: 20/20 MP: 7/10
  1108 | D:2      | Noticed Natasha
  1115 | D:2      | Killed from afar by Natasha

Illustrated notes

Levels and vault maps discovered:
D:1:      dpeg_arrival_court, layout_basic
D:2:      layout_basic, serial_bayou_pond_a, minmay_ruptured, uniq_natasha

Skill      XL: |  1  2  3 |
---------------+----------+-----
Shields        | 1 |  1.1
Translocations | 2 |  2.0
Fighting       | |  1.0
Throwing       | |  1.0
Dodging        | |  1.2
Stealth        | |  1.2
Unarmed Combat | |  1.0
Spellcasting   | |  3.6
Ice Magic      | |  2.8

Action                   || total
-------------------------++-------
Melee: Short sword       ||    44
 Cast: Freeze            ||    20
  Use: Potion            ||     1
 Stab: Sleeping          ||     1
Armor: Robe              ||    12
Dodge: Dodged            ||    44
